 Dungeon Crawl Stone Soup version 0.28.0-53-g5a82cb258f (webtiles) character file.

Game seed: 3445985258164876244

164 pkoi the Stinger (level 5, -10/38 HPs)
             Began as a Demigod Venom Mage on May 31, 2022.
             Killed from afar by a hobgoblin (17 damage)
             ... with an iceblast
             ... on level 4 of the Dungeon.
             The game lasted 00:05:01 (4792 turns).

pkoi the Stinger (Demigod Venom Mage)               Turns: 4792, Time: 00:05:02

Health: -10/38     AC:  2    Str: 12    XL:     5   Next: 0%
Magic:  16/19      EV: 12    Int: 18    God:
Gold:   146        SH:  0    Dex: 14    Spells: 5/8 levels left

rFire   . . .      SeeInvis +   m - +0 short sword (speed)
rCold   . . .      Faith    .   (no shield)
rNeg    . . .      Spirit   .   a - +0 robe
rPois   .          Reflect  .   (no helmet)
rElec   .          Harm     .   p - scarf {repulsion}
rCorr   .          Rampage  .   (no gloves)
Will    .....                   (no boots)
Stlth   ++........              (no amulet)
HPRegen 0.12/turn               n - ring of the Jocular Eggfruit {Fly MP+9 Str+3 Int-3 SInv}
MPRegen 0.16/turn               (no ring)

@: flying, repel missiles
A: high MP 1, forlorn, divine attributes
a: no special abilities


You were on level 4 of the Dungeon.
You visited 1 branch of the dungeon, and saw 4 of its levels.

You collected 146 gold pieces.

Inventory:

Hand Weapons
 b - a +0 club
 m - a +0 short sword of speed (weapon)
Armour
 a - a +0 robe (worn)
 p - a scarf of repulsion (worn)
Jewellery
 n - the ring of the Jocular Eggfruit (left hand) {Fly MP+9 Str+3 Int-3 SInv}
   (You acquired it on level 3 of the Dungeon)

   [ring of magical power]

   Str:       It affects your strength (+3).
   Int:       It affects your intelligence (-3).
   MP:        It affects your magic capacity (+9).
   SInv:      It lets you see invisible.
   Fly:       It grants you flight.
Wands
 k - a wand of iceblast (9)
Scrolls
 d - a scroll of identify {unknown}
 e - a scroll of amnesia {unknown}
 f - 2 scrolls of noise {unknown}
 h - a scroll of teleportation {unknown}
 l - a scroll of fear {unknown}
 o - a scroll of immolation {unknown}
 q - a scroll of vulnerability {unknown}
Potions
 c - 2 potions of heal wounds {unknown}
 g - a potion of mutation {unknown}
 i - 3 potions of haste
 j - a potion of might {unknown}


   Skills:
 + Level 2.5 Dodging
 - Level 1.7 Stealth
 + Level 1.4 Unarmed Combat
 + Level 2.0 Spellcasting
 - Level 0.8 Transmutations
 + Level 1.5 Air Magic
 + Level 4.1 Poison Magic


You had 5 spell levels left.
You knew the following spells:

 Your Spells              Type           Power      Damage    Failure   Level
a - Sting                 Tmut/Pois      40%        1d5       6%          1
b - Poisonous Vapours     Pois/Air       24%        N/A       9%          2

Your spell library contained the following spells:

 Spells                   Type           Power      Damage    Failure   Level
 Mephitic Cloud           Conj/Pois/Air  8%         N/A       24%         3
 Olgreb's Toxic Radiance  Pois           16%        N/A       32%         4


Dungeon Overview and Level Annotations

Branches:
Dungeon (4/15)
 Temple: D:4-7

Shops:
D:1 =


Innate Abilities, Weirdness & Mutations

You have an increased reservoir of magic. (+10% MP)
You shall have no god before yourself.
Your divine heritage dramatically boosts your attributes as you level up.


Message History

You closely miss the howler monkey.
The howler monkey is almost dead.
The howler monkey hits you but does no damage.
You completely miss the howler monkey.
The howler monkey is almost dead.
The howler monkey hits you!
* * * LOW HITPOINT WARNING * * *
You hit the howler monkey.
You kill the howler monkey!
Your Spellcasting skill increases to level 2!
You have reached level 5!
You start resting.
Magic restored.
You start resting.
A hobgoblin comes into view. It is carrying a wand of iceblast (8).
A hobgoblin is nearby!
Casting: Sting (safe; 6% risk of failure)
Confirm with . or Enter, or press ? or * to list all spells.
Aiming: Poisonous Vapours (safe; 9% risk of failure)
Press: ? - help, Dir - move target, f - hobgoblin
Aim: a hobgoblin, wearing a +0 ring mail and carrying a wand of iceblast (8) (wandering, hasn't noticed you) Poisonous vapours surround the hobgoblin!
The hobgoblin is poisoned.
The hobgoblin shouts!
There is a stone staircase leading up here.
A hobgoblin is nearby!
A hobgoblin is nearby!
The hobgoblin zaps a wand.
The mass of ice explodes!
The iceblast engulfs you!
* * * LOW HITPOINT WARNING * * *
You are too injured to fight recklessly!
Unknown command.
Casting: Poisonous Vapours (safe; 9% risk of failure)
Confirm with . or Enter, or press ? or * to list all spells.
Aiming: Poisonous Vapours (safe; 9% risk of failure)
Press: ? - help, Dir - move target, f/p - hobgoblin
Aim: a hobgoblin, wearing a +0 ring mail and carrying a wand of iceblast (7) (severely wounded, poisoned) Poisonous vapours surround the hobgoblin!
The hobgoblin looks even sicker.
The hobgoblin zaps a wand.
The mass of ice explodes!
The iceblast engulfs you!
You die...

##########
#.(...@..########
#.###............
#........########
#####.#### #g#
#.# #)# #...#
#...#


You could see a hobgoblin (very poisoned).

Vanquished Creatures
  A howler monkey (D:4)
  An orc priest (D:1)
  2 adders (D:3)
  A worm (D:2)
  A dart slug (D:2)
  4 orcs
  3 ball pythons
  10 bats
  6 endoplasms
  3 giant cockroaches
  6 goblins
  8 hobgoblins
  5 kobolds
  3 quokkas
  6 frilled lizards
  6 rats
  A spectral kobold (D:1)
67 creatures vanquished.

Notes
Turn   | Place    | Note
-------+----------+-------------------------------------------
     0 | D:1      | pkoi the Demigod Venom Mage began the quest for the Orb.
     0 | D:1      | Reached XP level 1. HP: 14/14 MP: 5/5
   140 | D:1      | Reached skill level 3 in Poison Magic
   210 | D:1      | Found Aggoiluq's Jewellery Shoppe.
   314 | D:1      | Reached XP level 2. HP: 13/20 MP: 2/7
  1174 | D:1      | Learned a level 2 spell: Poisonous Vapours
  1953 | D:2      | Reached XP level 3. HP: 26/26 MP: 4/8
  2968 | D:1      | Reached skill level 1 in Air Magic
  2968 | D:1      | Reached skill level 4 in Poison Magic
  2968 | D:1      | Reached XP level 4. HP: 33/33 MP: 2/9
  2974 | D:1      | Reached skill level 1 in Unarmed Combat
  3593 | D:3      | Identified a scroll of acquirement
  3593 | D:3      | Acquired the ring of the Jocular Eggfruit {Fly MP+9 Str+3
                  | Int-3 SInv}
  4702 | D:4      | Reached XP level 5. HP: 13/38 MP: 10/10
  4792 | D:4      | Killed from afar by a hobgoblin

Illustrated notes

Levels and vault maps discovered:
D:1:      nzn_arrival_water_spiral, layout_basic,
          dreamdust_ecumenical_altar_drowned_temple, serial_shops,
          nicolae_shop_crystal
D:2:      cheibrodos_pilgrimage, layout_basic, basic_altar
D:3:      layout_loops_ring, marbit_many_paths, serial_bayou_crossing
D:4:      layout_loops_corners, mainiacjoe_overflow_chevrons,
          minmay_temple_entry_trees, gammafunk_ghost_necromancy, serial_shops,
          nicolae_shop_hallway_plus, uniq_menkaure

Skill      XL: |  1  2  3  4 |
---------------+-------------+-----
Poison Magic   | 3 4 |  4.1
Dodging        | 2 |  2.5
Air Magic      | 1 |  1.5
Unarmed Combat | 1 |  1.4
Spellcasting   | 2 |  2.0
Stealth        | |  1.7
Transmutations | |  0.8

Action                   |  1- 3 |  4- 6 || total
-------------------------+-------+-------++-------
Melee: Unarmed           |     5 |       ||     5
       Club              |    28 |       ||    28
       Short sword       |       |     5 ||     5
 Cast: Sting             |    80 |    56 ||   136
       Poisonous Vapours |     3 |     2 ||     5
  Use: Potion            |     1 |       ||     1
       Scroll            |       |     1 ||     1
Armor: Robe              |    14 |     9 ||    23
Dodge: Dodged            |    35 |    11 ||    46
